 Dungeon Crawl Stone Soup version 0.32-a0-18-g89e19f1974 (webtiles) character file.

Game seed: 3548995845181977991

494 GjRant the Chopper (level 6, -1/56 HPs)
             Began as a Minotaur Fighter on Jan 16, 2024.
             Was a High Priest of Ignis.
             Slain by an ogre
             ... wielding a +0 giant club
              (19 damage)
             ... on level 4 of the Dungeon.
             The game lasted 00:32:50 (2775 turns).

GjRant the Chopper (Minotaur Fighter)               Turns: 2775, Time: 00:32:51

Health: -1/56      AC: 11    Str: 23    XL:     6   Next: 92%
Magic:  5/5        EV:  8    Int: 11    God:    Ignis [*****.]
Gold:   102        SH:  4    Dex:  9    Spells: 5/5 levels left

rFire   + . .        a - +0 war axe
rCold   . . .        c - +0 buckler
rNeg    . . .        K - +0 chain mail {rPois}
rPois   +            (helmet restricted)
rElec   .            (no cloak)
rCorr   .            I - +0 pair of gloves
SInv    .            (no boots)
Will    .....        (no amulet) Stlth
                     m - ring of poison resistance
HPRegen 0.29/turn    M - +6 ring of intelligence
MPRegen 0.09/turn

%: no passive effects
@: no status effects
A: horns 2, retaliatory headbutt
a: Renounce Religion, Fiery Armour, Foxfire Swarm, Rising Flame


You were on level 4 of the Dungeon.
You worshipped Ignis.
Ignis was extremely pleased with you.
You visited 1 branch of the dungeon, and saw 4 of its levels.

You collected 102 gold pieces.

Inventory:

Hand Weapons
 a - a +0 war axe (weapon)
 b - a +0 flail
 D - a +2 short sword of venom
 R - a +0 halberd
Missiles
 i - 2 poisoned darts
 t - 20 stones (quivered)
 O - 2 throwing nets
Armour
 c - a +0 buckler (worn)
 I - a +0 pair of gloves (worn)
 K - a +0 chain mail of poison resistance (worn)
Jewellery
 m - a ring of poison resistance (left hand)
 F - a ring of ice
 M - a +6 ring of intelligence (right hand)
Wands
 e - a wand of mindburst (13)
Scrolls
 f - 3 scrolls of immolation {unknown}
 j - 2 scrolls of teleportation {unknown}
 o - a scroll of enchant weapon {unknown}
 v - a scroll of identify {unknown}
 E - a scroll of noise {unknown}
Potions
 d - a potion of might
 g - 2 potions of lignification {unknown}
 h - 2 potions of resistance {unknown}
 p - a potion of berserk rage {unknown}
 u - a potion of magic {unknown}
 x - a potion of enlightenment {unknown}
 W - 2 potions of curing {unknown}


   Skills:
 + Level 5.0 Fighting
 + Level 6.1 Axes
 + Level 5.6 Armour
 + Level 1.6 Dodging
 + Level 4.6 Shields


You had 5 spell levels left.
You didn't know any spells.
Your spell library was empty.

Dungeon Overview and Level Annotations

Branches:
Dungeon (4/15)
 Temple: D:4-7

Altars:
Ignis

Shops:
D:3 [


Innate Abilities, Weirdness & Mutations

You have a pair of horns on your head.
You reflexively headbutt those who attack you in melee.


Message History

The ribbon worm expels a string of sticky webbing.
The stream of webbing hits you but does no damage.
You are caught in a web!
The web tears apart.
The ribbon worm closely misses you.
You hit the ribbon worm.
The ribbon worm is moderately wounded.
You block the ribbon worm's attack.
You hit the ribbon worm.
The ribbon worm is heavily wounded.
The ribbon worm barely misses you.
You slash the ribbon worm!
You kill the ribbon worm!
You see here a ribbon worm corpse.
You see here a ribbon worm corpse.
An ogre comes into view. It is wielding a +0 giant club.
Found a scale mail and 6 stones.
The ogre hits you with a +0 giant club!
You hit the ogre but do no damage. You block the ogre's attack.
You hit the ogre. You headbutt the ogre.
The ogre is moderately wounded.
The ogre hits you with a +0 giant club.
You barely miss the ogre.
The ogre is moderately wounded.
You barely miss the ogre.
The ogre is moderately wounded.
The ogre hits you with a +0 giant club!!
* * * LOW HITPOINT WARNING * * *
You closely miss the ogre.
You headbutt the ogre, but do no damage.
The ogre is moderately wounded.
The ogre hits you with a +0 giant club.
* * * LOW HITPOINT WARNING * * *
The ogre attacks as it pursues you! The ogre hits you with a +0 giant club.
* * * LOW HITPOINT WARNING * * *
An ogre is nearby!
You see here a ribbon worm corpse.
An ogre is nearby!
The ogre attacks as it pursues you!
The ogre hits you with a +0 giant club!!
You die...

#........#
##...[....# .....
#.........# .....
#...(......#.....
##.......#.....
#.......##...
##......#..# #
##..# ## ##O@# .#
##..## .## ##..##
..## ##..## #..##
##..## #...##
##..## .. ##...#
##..## #..
.##.O###..##
#..## ..#...#..##
#...# ##


You could see an ogre.

Vanquished Creatures
  Sigmund (D:3)
  A centaur (D:3)
  2 bombardier beetles
  An iguana (D:3)
  Terence (D:2)
  An orc wizard (D:3)
  4 gnolls (D:2)
  4 dart slugs
  A ribbon worm (D:4)
  3 orcs (D:3)
  6 ball pythons
  3 endoplasms
  3 giant cockroaches
  4 goblins
  6 hobgoblins
  3 quokkas
  A bat (D:1)
  3 frilled lizards
  9 kobolds
  7 rats
64 creatures vanquished.

Notes
Turn   | Place    | Note
-------+----------+-------------------------------------------
     0 | D:1      | GjRant the Minotaur Fighter began the quest for the Orb.
     0 | D:1      | Reached XP level 1. HP: 19/19 MP: 0/0
   275 | D:1      | Reached XP level 2. HP: 27/27 MP: 1/1
   315 | D:1      | Found a faded altar of an unknown god.
   345 | D:1      | Prayed at the altar of an unknown god.
   345 | D:1      | Became a worshipper of Ignis, the Dying Flame
  1003 | D:2      | Reached XP level 3. HP: 33/33 MP: 2/2
  1366 | D:2      | Reached skill level 3 in Axes
  1373 | D:2      | Noticed Terence
  1385 | D:2      | Killed Terence
  1386 | D:2      | Reached XP level 4. HP: 14/41 MP: 3/3
  1677 | D:3      | Reached skill level 4 in Axes
  1677 | D:3      | Reached skill level 1 in Dodging
  1677 | D:3      | Reached XP level 5. HP: 40/47 MP: 4/4
  1699 | D:3      | Noticed a centaur
  1704 | D:3      | Killed a centaur
  1737 | D:3      | Reached skill level 5 in Armour
  1754 | D:3      | Noticed Sigmund
  1780 | D:3      | Killed Sigmund
  1781 | D:3      | Reached skill level 5 in Fighting
  1781 | D:3      | Reached skill level 5 in Axes
  1781 | D:3      | Reached XP level 6. HP: 23/56 MP: 5/5
  1868 | D:3      | Found Nyzxom's Armour Shoppe.
  2509 | D:4      | Reached skill level 6 in Axes
  2775 | D:4      | Slain by an ogre

Illustrated notes

Levels and vault maps discovered:
D:1:      nzn_arrival_crosshair, layout_basic,
          shapermc_ecumenical_altar_mp_urbaneastern
D:2:      layout_basic, minmay_distorted, uniq_terence
D:3:      layout_basic, serial_shops, nicolae_lakefront_shop, hex_tiny,
          uniq_sigmund
D:4:      layout_cave_pods

Skill      XL: |  1  2  3  4  5  6 |
---------------+-------------------+-----
Shields        | 4 |  4.6
Fighting       | 4 5 |  5.0
Armour         | 4 5 |  5.6
Axes           | 3 4 5 6 |  6.1
Dodging        | 1 |  1.6

Action                     |  1- 3 |  4- 6 || total
---------------------------+-------+-------++-------
  Melee: War axe           |    92 |   117 ||   209
         Headbutt          |    18 |    11 ||    29
 Armour: Scale mail        |    62 |       ||    62
         Chain mail        |       |   101 ||   101
  Dodge: Dodged            |    32 |    30 ||    62
  Block: Buckler           |     9 |    18 ||    27

Table legend: (Time is in decaauts)
 A = Elapsed time spent in this place.
 B = Non-inter-level travel time spent in this place.
 C = Inter-level travel time spent in this place.
 D = Time resting spent in this place.
 E = Time spent auto-exploring this place.
 F = Levels seen in this place.
 G = Mean time per level.
                   A        B        C        D        E       F      G
               +--------+--------+--------+--------+--------+-----+--------+
         Total |   2841 |    732 |   2109 |      0 |      0 |   4 |  710.2 |
       Dungeon |   2841 |    732 |   2109 |      0 |      0 |   4 |  710.2 |
               +--------+--------+--------+--------+--------+-----+--------+

Top non-repeatable levels by time:
     D:1: 897 daAuts
     D:3: 840 daAuts
     D:2: 803 daAuts
     D:4: 300 daAuts
